 Dungeon Crawl Stone Soup version 0.23.0-3-gf3c87f2 (webtiles) character file.

Game seed: 3037488125473148992

54091 Sad the Thaumaturge (level 14, 0/74 HPs)
             Began as a Deep Elf Fire Elementalist on Feb 21, 2019.
             Was a High Priest of Sif Muna.
             Engulfed by a cloud of spectral mist (7 damage)
             ... on level 5 of the Lair of Beasts.
             The game lasted 01:59:10 (25886 turns).

Sad the Thaumaturge (Deep Elf Fire Elementalist)   Turns: 25886, Time: 01:59:12

Health: 0/74       AC: 17    Str:  9    XL:     14   Next: 33%
Magic:  7/34       EV: 12    Int: 27    God:    Sif Muna [*****.]
Gold:   979        SH:  8    Dex: 21    Spells: 5/41 levels left

rFire    + + .     SeeInvis +   u - staff of conjuration
rCold    x . .     Gourm    .   L - +1 buckler {rPois}
rNeg     . . .     Faith    +   C - +1 ring mail {rF+}
rPois    +         Spirit   .   f - +2 helmet {SInv}
rElec    .         Reflect  .   R - +2 cloak {+Inv}
rCorr    .         Harm     .   N - +2 pair of gloves {Dex+3}
MR       +....                  (no boots)
Stlth    ++........             j - amulet of faith
HPRegen  0.22/turn              b - ring of the Enemy {Fire Dex+3}
MPRegen  0.24/turn              q - +5 ring of intelligence

@: studying Fighting, drained, divine energy
A: no striking features
a: Stop Divine Energy, Channel Magic, Forget Spell, Renounce Religion, Evoke
Invisibility


You were on level 5 of the Lair of Beasts.
You worshipped Sif Muna.
Sif Muna was extremely pleased with you.
You were not hungry.

You visited 3 branches of the dungeon, and saw 19 of its levels.
You also visited: Gauntlet.

You collected 979 gold pieces.

Inventory:

Hand Weapons
 s - a +4 halberd of chopping
 Z - the +8 falchion "Muejuubb" {drain, rElec Int+5}
   (You found it on level 1 of the Lair of Beasts)

   A truly terrible weapon, it drains the life of those it strikes.
   It affects your intelligence (+5).
   It insulates you from electricity.
Missiles
 G - 18 javelins of returning (quivered)
Armour
 f - a +2 helmet of see invisible (worn)
 l - the +0 pair of boots of Qorokado {-Tele rElec rPois rC++}
   (You found it in a Gauntlet)

   It greatly protects you from cold.
   It insulates you from electricity.
   It protects you from poison.
   It prevents most forms of teleportation.
 C - a +1 ring mail of fire resistance (worn)
 L - a +1 buckler of poison resistance (worn)
 N - a +2 pair of gloves of dexterity (worn)
 R - a +2 cloak of invisibility (worn)
 S - a +0 shield of positive energy
Magical Staves
 u - an uncursed staff of conjuration (weapon)
 V - an uncursed staff of energy
Jewellery
 b - the ring of the Enemy (left hand) {Fire Dex+3}
   (You found it on level 3 of the Lair of Beasts)

   [ring of fire]

   It enhances your fire magic.
   It affects your dexterity (+3).
   It protects you from fire.
   It makes you vulnerable to cold.
 g - an uncursed ring of positive energy
 j - an amulet of faith (around neck)
 q - a +5 ring of intelligence (right hand)
 U - an uncursed ring of ice
Wands
 w - a wand of iceblast (11)
 y - a wand of paralysis (4)
 O - a wand of polymorph (8)
 Q - a wand of disintegration (21)
 X - a wand of acid (7)
Scrolls
 h - a scroll of fog
 m - 3 scrolls of identify
 o - 3 scrolls of enchant armour
 p - 5 scrolls of remove curse
 v - 2 scrolls of fear
 x - 2 scrolls of amnesia
 D - 2 scrolls of noise
 H - a scroll of summoning {unknown}
 J - a scroll of enchant weapon
 K - 2 scrolls of blinking {unknown}
 Y - 11 scrolls of teleportation
Potions
 a - a potion of berserk rage
 d - 2 potions of flight
 e - a potion of lignification
 i - 2 potions of cancellation
 k - 3 potions of curing
 n - 5 potions of haste
 r - 2 potions of resistance
 z - a potion of magic
 A - 5 potions of might
 B - 3 potions of invisibility
 E - 3 potions of ambrosia
 I - 2 potions of agility
 M - 3 potions of brilliance
 W - a potion of mutation
Books
 t - a manual of Fighting
Miscellaneous
 P - a fan of gales
Comestibles
 c - 38 rations
 T - 3 chunks of flesh


   Skills:
 - Level 3.6(3.0) Fighting
 - Level 9.0(8.3) Armour
 - Level 4.0(3.3) Dodging
 - Level 3.7(3.1) Stealth
 + Level 9.1(8.4) Shields
 - Level 14.3(13.4) Spellcasting
 - Level 10.6(9.9) Conjurations
 - Level 1.6(1.0) Charms
 - Level 4.3(3.6) Summonings
 - Level 1.2(0.6) Necromancy
 - Level 6.7(6.0) Translocations
 - Level 10.0(9.2) Fire Magic
 - Level 5.3(4.6) Invocations
 - Level 5.2(4.5) Evocations


You had 5 spell levels left.
You knew the following spells:

 Your Spells              Type           Power        Failure   Level  Hunger
a - Regeneration          Chrm/Necr      ###.......   16%         3    None
b - Conjure Flame         Conj/Fire      ########     1%          3    None
c - Sticky Flame          Conj/Fire      ########     1%          4    None
d - Blink                 Tloc           N/A          1%          2    None
e - Iskenderun's Mystic   Conj           #######.     1%          4    None
f - Fireball              Conj/Fire      ########..   3%          5    ##.....
g - Spellforged Servitor  Conj/Summ      ######....   98%         7    ######.
h - Orb of Destruction    Conj           #######...   71%         7    ######.
i - Apportation           Tloc           ######       1%          1    None

Your spell library contained the following spells:

 Spells                   Type           Power        Failure   Level  Hunger
 Flame Tongue             Conj/Fire      #####        1%          1    None
 Magic Dart               Conj           ####         1%          1    None
 Shock                    Conj/Air       ####         1%          1    None
 Summon Small Mammal      Summ           ####         1%          1    None
 Searing Ray              Conj           ######       1%          2    None
 Throw Flame              Conj/Fire      ######       1%          2    None
 Gell's Gravitas          Tloc           ######....   1%          3    None
 Lesser Beckoning         Tloc           ######....   1%          3    None
 Call Imp                 Summ           #####...     2%          2    None
 Shroud of Golubria       Chrm/Tloc      #####.....   2%          2    None
 Dazzling Spray           Conj/Hex       ######       2%          3    None
 Static Discharge         Conj/Air       ######..     2%          3    None
 Force Lance              Conj/Tloc      #######.     2%          4    None
 Inner Flame              Hex/Fire       ######..     3%          3    None
 Recall                   Summ/Tloc      N/A          3%          3    None
 Infusion                 Chrm           ###.         4%          1    None
 Animate Skeleton         Necr           N/A          5%          1    None
 Mephitic Cloud           Conj/Pois/Air  ######..     5%          3    None
 Ignite Poison            Fire/Tmut/Pois ######..     6%          3    None
 Portal Projectile        Hex/Tloc       ####..       6%          3    None
 Beastly Appendage        Tmut           ###...       7%          1    None
 Confusing Touch          Hex            ###...       7%          1    None
 Corona                   Hex            ###....      7%          1    None
 Song of Slaying          Chrm           ###.....     7%          2    None
 Swiftness                Chrm/Air       ###.....     9%          2    None
 Fulminant Prism          Conj/Hex       ######....   9%          4    None
 Ensorcelled Hibernation  Hex/Ice        ###...       11%         2    None
 Slow                     Hex            ###.....     11%         2    None
 Sticks to Snakes         Tmut           ###.....     11%         2    None
 Bolt of Magma            Conj/Fire/Erth #######...   14%         5    ##.....
 Spectral Weapon          Hex/Chrm       ###.....     17%         3    None
 Iskenderun's Battlesphe  Conj/Chrm      ######..     21%         5    ##.....
 Confuse                  Hex            ###.....     22%         3    None
 Spider Form              Tmut/Pois      ###.......   22%         3    None
 Tukima's Dance           Hex            ###.....     22%         3    None
 Lightning Bolt           Conj/Air       ######....   26%         5    ##.....
 Summon Forest            Summ/Tloc      #####.....   26%         5    ##.....
 Venom Bolt               Conj/Pois      ######....   26%         5    ##.....
 Airstrike                Air            ###.......   56%         4    None
 Cause Fear               Hex            ###.......   56%         4    None
 Ice Form                 Ice/Tmut       ###.....     56%         4    None
 Petrify                  Tmut/Erth      ###.....     56%         4    None
 Blade Hands              Tmut           ###.......   89%         5    ##.....
 Metabolic Englaciation   Hex/Ice        ###.......   89%         5    ##.....
 Yara's Violent Unravell  Hex/Tmut       ###.......   89%         5    ##.....
 Bolt of Fire             Conj/Fire      ########..   22%         6    ####...
 Dispersal                Tloc           ######....   67%         6    ####...
 Iron Shot                Conj/Erth      ######....   80%         6    ####...
 Dragon Form              Tmut           ###.......   100%        7    ######.
 Ring of Flames           Chrm/Fire      ######....   100%        7    ######.
 Controlled Blink         Tloc           N/A          100%        8    #######
 Disjunction              Tloc           ######....   100%        8    #######
 Ignition                 Fire           #######...   100%        8    #######
 Dragon's Call            Summ           #####.....   100%        9    #######


Dungeon Overview and Level Annotations

Branches:
Dungeon (13/15)            Temple (1/1) D:7            Lair (5/6) D:9
  Swamp (0/4) Lair:4       Spider (0/4) Lair:4          Orc (0/2) D:12
 Vaults (0/5) D:13
  Slime: Lair:5-6

Altars:
Ashenzari
Cheibriados
Dithmenos
Elyvilon
Fedhas
Gozag
Hepliaklqana
Kikubaaqudgha
Makhleb
Nemelex Xobeh
Okawaru
Qazlal
Ru
Sif Muna
Trog
Uskayaw
Vehumet
Wu Jian
Xom
Yredelemnul
Zin
The Shining One

Shops:
D:9 (

Annotations:
D:6 exclusion: downstairs
D:7 1 runed translucent door, Cynry's ghost, novice OpIE
D:11 exclusion: downstairs
D:12 exclusion: 2 downstairs
D:13 Urug
Lair:2 1 runed translucent door, Esekla's ghost, journeyman DEWn


Message History

Evoke which item? (* to show all) (? for menu, Esc to quit)
Okay, then.
Evoke which item? (* to show all) (? for menu, Esc to quit)
Aiming: Corrosive Bolt
Press: ? - help, Shift-Dir - straight line, f/p - ghost crab
Aim: a ghost crab (spectral mist, severely damaged)
The bolt of acid hits the spectral black mamba!!
The spectral black mamba is splashed with acid.
The acid corrodes the spectral black mamba!
You destroy the spectral black mamba!
The bolt of acid hits the ghost crab!
The ghost crab is splashed with acid!
The acid corrodes the ghost crab!
You destroy the ghost crab!
Sif Muna accepts your kill.
The spectral seven-headed hydra fades away!
The spectral death yak fades away!
The spectral six-headed hydra fades away!
The spectral eight-headed hydra fades away!
You are engulfed in spectral mist.
You die...

########..#.........#
#..##..............##
#.......#..........##
#..################.##
##..#..............#..##
#...#.############.#..##
#...#.#☼○...†Z. #.##...
#P..#.#.# #.#....
#P..#.#@# #.#....
##..#.#.# #.#....
##.#.#.# #.#....
#..#.#○##########.#....
##..#.#..°Z........#....
#.#.#'##############....
##..#.# ##..........
#....# #.#.........
##..## ###.........


There were no monsters in sight!

Vanquished Creatures
  Kirke (Lair:5)
  3 entropy weavers (Lair:5)
  An entropy weaver (shapeshifter) (D:10)
  A minotaur (Gauntlet)
  4 hydras
  3 ghost crabs (Lair:5)
  3 two-headed ogres
  A death knight (D:11)
  6 death yaks (Lair:5)
  A tengu warrior (D:12)
  5 fire crabs (Lair:5)
  2 unseen horrors
  Pikel (D:8)
  A cyclops (D:10)
  2 ugly things
  A deep elf mage (D:12)
  A wolf spider (Lair:4)
  5 centaur zombies
  2 black mambas
  9 spiny frogs
  2 rime drakes (Lair:5)
  2 komodo dragons
  2 freezing wraiths (D:11)
  An efreet (D:12)
  A gargoyle (D:10)
  2 hellwings (D:7)
  A tengu conjurer (D:12)
  A troll (D:11)
  A polar bear (Lair:5)
  A jumping spider (Lair:4)
  Grinder (D:3)
  A slime creature (D:10)
  A blink frog (shapeshifter) (D:10)
  8 hippogriffs
  A bog body (Lair:4)
  4 hornets
  A meliai zombie (D:7)
  5 blink frogs (Lair:3)
  A spriggan (D:8)
  A vampire (D:9)
  3 wraiths
  3 redbacks (Lair:4)
  2 wyverns
  37 yaks
  5 hogs (Lair:5)
  3 hungry ghosts
  2 basilisks
  Edmund (D:4)
  7 water moccasins
  9 porcupines
  2 orc warriors
  A hornet zombie (D:12)
  A sky beast (D:5)
  3 phantoms
  An ice beast (D:10)
  10 ogres
  2 black bears
  5 necrophages
  8 wolves
  3 centaurs
  8 crocodiles
  2 big kobolds
  11 bullfrogs
  A gnoll sergeant (D:7)
  A wyvern zombie (D:7)
  A water moccasin zombie (D:6)
  A wyvern skeleton (D:9)
  6 scorpions
  7 wights
  5 howler monkeys
  7 crimson imps
  A bullfrog zombie (D:12)
  A quasit (D:9)
  A lava snake (D:12)
  2 bullfrog skeletons
  2 hounds
  12 orc priests
  9 orc wizards
  Crazy Yiuf (D:3)
  7 centaur skeletons
  2 jellies
  Jessica (D:3)
  2 iguanas (D:4)
  7 worker ants
  2 hell rats (Lair:4)
  A killer bee zombie (D:8)
  2 hound skeletons
  4 gnolls
  17 adders
  3 river rats (Lair:4)
  11 shadow imps
  3 oozes
  A worm (D:3)
  2 dart slugs
  5 leopard geckos
  70 orcs
  3 ball pythons
  5 giant cockroaches
  4 goblins
  10 hobgoblins
  7 jackals
  4 quokkas
  13 bats
  3 frilled lizards
  15 kobolds
  17 rats
  2 bushes (Lair:5)
  A plant (Lair:5)
502 creatures vanquished.

Vanquished Creatures (others)
  A slave (D:8)
  An orc warrior (D:8)
  A bullfrog zombie (D:12)
  An orc priest (D:8)
  A centaur skeleton (D:8)
  2 orcs
  3 kobolds (D:8)
  4 bushes
  3 demonic plants (Gauntlet)
  A fungus (Lair:5)
  11 plants (D:12)
  A withered plant (D:7)
30 creatures vanquished.

Grand Total: 532 creatures vanquished

Notes
Turn   | Place    | Note
-------+----------+-------------------------------------------
     0 | D:1      | Sad the Deep Elf Fire Elementalist began the quest for the
                  | Orb.
     0 | D:1      | Reached XP level 1. HP: 10/10 MP: 6/6
   242 | D:1      | Reached XP level 2. HP: 15/15 MP: 6/8
   513 | D:1      | Reached XP level 3. HP: 10/19 MP: 4/9
   948 | D:1      | Learned a level 3 spell: Conjure Flame
  1213 | D:2      | Found a sparkling altar of Nemelex Xobeh.
  1438 | D:2      | Reached XP level 4. HP: 24/24 MP: 7/11
  1657 | D:2      | Reached skill level 4 in Spellcasting
  2584 | D:3      | Found a runed translucent door.
  2585 | D:3      | Noticed Crazy Yiuf
  2838 | D:3      | Reached XP level 5. HP: 25/28 MP: 10/13
  2872 | D:3      | Learned a level 4 spell: Sticky Flame
  3293 | D:3      | Noticed Jessica
  3336 | D:3      | Killed Jessica
  3489 | D:3      | Reached skill level 5 in Spellcasting
  3489 | D:3      | Reached skill level 5 in Fire Magic
  3489 | D:3      | Reached XP level 6. HP: 23/32 MP: 6/15
  3654 | D:3      | Noticed Grinder
  3730 | D:3      | Paralysed by Grinder for 4 turns
  3733 | D:3      | Killed Grinder
  4003 | D:3      | Killed Crazy Yiuf
  4003 | D:3      | Reached XP level 7. HP: 36/36 MP: 11/17
  4105 | D:4      | Reached skill level 6 in Spellcasting
  4569 | D:4      | Noticed Edmund
  4589 | D:4      | Killed Edmund
  4589 | D:4      | Reached skill level 7 in Spellcasting
  4662 | D:4      | Noticed a hippogriff
  4667 | D:4      | Killed a hippogriff
  4667 | D:4      | Reached skill level 5 in Conjurations
  4667 | D:4      | Reached XP level 8. HP: 35/42 MP: 9/21
  4956 | D:4      | Reached skill level 1 in Armour
  5051 | D:5      | Entered Level 5 of the Dungeon
  5145 | D:5      | Reached skill level 1 in Fighting
  6235 | D:6      | Reached skill level 5 in Armour
  6307 | D:6      | Reached XP level 9. HP: 49/49 MP: 17/22
  6842 | D:7      | Noticed a hellwing
  6964 | D:7      | Found a staircase to the Ecumenical Temple.
  6971 | Temple   | Entered the Ecumenical Temple
  7242 | Temple   | Became a worshipper of Sif Muna the Loreminder
  7304 | D:7      | Reached skill level 8 in Spellcasting
  7677 | D:7      | Learned a level 2 spell: Blink
  7732 | D:7      | Reached * piety under Sif Muna
  7732 | D:7      | Reached skill level 1 in Translocations
  7781 | D:7      | Reached skill level 9 in Spellcasting
  7781 | D:7      | Reached XP level 10. HP: 47/55 MP: 2/25
  7808 | D:7      | Found a sparkling altar of Nemelex Xobeh.
  8479 | D:7      | Found a runed translucent door.
  8479 | D:7      | Noticed Cynry's ghost (novice OpIE)
  8636 | D:7      | Reached ** piety under Sif Muna
  8642 | D:7      | Learned a level 4 spell: Iskenderun's Mystic Blast
  8857 | D:8      | Learned a level 5 spell: Fireball
  8876 | D:8      | Noticed Pikel
  8883 | D:8      | Killed Pikel
  8883 | D:8      | Reached skill level 10 in Spellcasting
 10008 | D:9      | Found Imum's Antique Weapon Emporium.
 10119 | D:8      | Reached *** piety under Sif Muna
 10837 | D:9      | Reached XP level 11. HP: 60/60 MP: 1/27
 11104 | D:9      | Found a staircase to the Lair.
 11258 | D:10     | Entered Level 10 of the Dungeon
 11331 | D:10     | Noticed a two-headed ogre
 11334 | D:10     | Killed a two-headed ogre
 11582 | D:10     | Reached skill level 5 in Translocations
 11642 | D:10     | Reached skill level 11 in Spellcasting
 11710 | D:10     | Noticed a two-headed ogre
 11715 | D:10     | Killed a two-headed ogre
 12078 | D:10     | Reached **** piety under Sif Muna
 12667 | D:10     | Noticed an entropy weaver
 12672 | D:10     | Killed an entropy weaver
 12672 | D:10     | Reached skill level 12 in Spellcasting
 12672 | D:10     | Reached skill level 1 in Invocations
 12672 | D:10     | Reached skill level 1 in Evocations
 13077 | D:11     | Noticed a seven-headed hydra
 13081 | D:11     | Killed a seven-headed hydra
 13383 | D:11     | Noticed an unseen horror
 13388 | D:11     | Killed an unseen horror
 13616 | D:11     | Noticed a death knight
 13617 | D:11     | Reached XP level 12. HP: 64/64 MP: 6/30
 13625 | D:11     | Killed a death knight
 13669 | D:11     | Reached ***** piety under Sif Muna
 14012 | D:11     | Noticed a two-headed ogre
 14016 | D:11     | Killed a two-headed ogre
 14677 | D:12     | Reached skill level 10 in Fire Magic
 14882 | D:12     | Received a gift from Sif Muna
 14987 | D:12     | Learned a level 7 spell: Spellforged Servitor
 14995 | D:12     | Learned a level 7 spell: Orb of Destruction
 15283 | D:12     | Reached skill level 13 in Spellcasting
 15504 | D:12     | Noticed a tengu warrior
 15507 | D:12     | Killed a tengu warrior
 15513 | D:12     | Reached skill level 1 in Summonings
 15976 | D:12     | Found a staircase to the Orcish Mines.
 16047 | D:12     | Found a blossoming altar of Fedhas.
 16612 | D:13     | Found a gate to the Vaults.
 16612 | D:13     | Noticed a two-headed ogre
 16612 | D:13     | Noticed a centaur warrior
 16612 | D:13     | Noticed Urug
 16612 | D:13     | Noticed a centaur warrior
 16981 | Lair:1   | Entered Level 1 of the Lair of Beasts
 17734 | Lair:1   | Reached skill level 10 in Conjurations
 18134 | Lair:1   | Noticed an eight-headed hydra
 18137 | Lair:1   | Killed an eight-headed hydra
 18294 | Lair:1   | Got a transparent falchion
 18295 | Lair:1   | Identified the +8 falchion "Muejuubb" {drain, rElec Int+5}
                  | (You found it on level 1 of the Lair of Beasts)
 18550 | Lair:2   | Found a snail-covered altar of Cheibriados.
 18627 | Lair:2   | Reached XP level 13. HP: 55/68 MP: 19/32
 19363 | Lair:2   | Found a runed translucent door.
 19364 | Lair:2   | Found a shimmering altar of Xom.
 19364 | Lair:2   | Noticed Esekla's ghost (journeyman DEWn)
 19374 | Lair:2   | Reached skill level 14 in Spellcasting
 19385 | Lair:2   | Reached skill level 5 in Invocations
 19396 | Lair:2   | Reached skill level 5 in Evocations
 19676 | Lair:3   | Got a blackened chain mail
 19688 | Lair:3   | Identified a scroll of acquirement
 19827 | Lair:3   | Identified the +0 chain mail of Experimentation {Dex+2}
                  | (You found it on level 3 of the Lair of Beasts)
 19859 | Lair:3   | Found a gate leading to a gauntlet.
 19894 | Gauntlet | Entered a Gauntlet
 19894 | Gauntlet | Found a transporter.
 19906 | Gauntlet | Found a transporter.
 19906 | Gauntlet | Found a transporter.
 19908 | Gauntlet | Found a transporter.
 19928 | Gauntlet | Found a transporter.
 19941 | Gauntlet | Found a transporter.
 19949 | Gauntlet | Found a transporter.
 19964 | Gauntlet | Found a transporter.
 19983 | Gauntlet | Found a transporter.
 20003 | Gauntlet | Found a transporter.
 20023 | Gauntlet | Found a transporter.
 20028 | Gauntlet | Found a transporter.
 20041 | Gauntlet | Noticed a death ooze
 20045 | Gauntlet | Found a transporter.
 20050 | Gauntlet | Found a transporter.
 20065 | Gauntlet | Found a transporter.
 20070 | Gauntlet | Found a transporter.
 20112 | Gauntlet | Found a transporter.
 20141 | Gauntlet | Found a transporter.
 20373 | Gauntlet | Got a pair of blackened boots
 20386 | Gauntlet | Identified the +0 pair of boots of Qorokado {-Tele rElec
                  | rPois rC++} (You found it in a Gauntlet)
 20585 | Gauntlet | Noticed a minotaur
 20590 | Gauntlet | Killed a minotaur
 20622 | Gauntlet | Got a brightly glowing shield
 20633 | Gauntlet | Identified the +0 shield of Shielding {rPois Str-2 Dex+2
                  | Slay+2} (You found it in a Gauntlet)
 20641 | Gauntlet | Got a smoking leather armour
 20652 | Gauntlet | Identified the +1 leather armour "Xeqal" {rC- MR+ Int+3
                  | SInv} (You found it in a Gauntlet)
 20730 | Lair:3   | Learned a level 3 spell: Regeneration
 20821 | Lair:3   | Got a glittering ivory ring
 21262 | Lair:3   | Reached skill level 1 in Charms
 21264 | Lair:3   | Reached skill level 1 in Necromancy
 21897 | Lair:4   | Found a staircase to the Swamp.
 21901 | Lair:4   | Reached skill level 1 in Shields
 21940 | Lair:4   | Identified Sif Muna's Papyrus of the Voyage (Sif Muna
                  | gifted it to you on level 4 of the Lair of Beasts)
 21940 | Lair:4   | Received a gift from Sif Muna
 22067 | Lair:4   | Identified the ring of the Enemy {Fire Dex+3} (You found it
                  | on level 3 of the Lair of Beasts)
 23016 | Lair:4   | Learned a level 1 spell: Apportation
 23016 | Lair:4   | Found a hole to the Spider Nest.
 23330 | Lair:5   | Noticed Kirke
 23708 | Lair:5   | Reached skill level 5 in Shields
 23867 | Lair:5   | Identified the cursed +2 whip of the Crawling Thing {drain,
                  | Str+2}
 23871 | Lair:5   | Killed Kirke
 24226 | Lair:5   | Found a runed translucent door.
 24819 | Lair:5   | Reached XP level 14. HP: 74/74 MP: 7/34
 25339 | Lair:5   | Noticed an entropy weaver
 25379 | Lair:5   | Killed an entropy weaver
 25671 | Lair:5   | Noticed an entropy weaver
 25675 | Lair:5   | Killed an entropy weaver
 25765 | Lair:5   | Noticed an entropy weaver
 25768 | Lair:5   | Killed an entropy weaver
 25886 | Lair:5   | Engulfed by a cloud of spectral mist

Skill      XL: |  1  2  3  4  5  6  7  8  9 10 11 12 13 14 |
---------------+-------------------------------------------+-----
Dodging        | 3 4 |  4.0
Conjurations   | 2 3 5 6 7 8 10 | 10.6
Fire Magic     | 4 5 6 7 8 9 10 | 10.0
Spellcasting   | 4 5 7 9 10 12 13 14 | 14.3
Stealth        | 3 |  3.7
Armour         | 5 6 7 8 9 |  9.0
Fighting       | 2 3 |  3.6
Translocations | 1 4 6 |  6.7
Invocations    | 2 4 5 |  5.3
Evocations     | 2 4 5 |  5.2
Summonings     | 2 4 |  4.3
Charms         | 1 |  1.6
Necromancy     | 1 |  1.2
Shields        | 7 9 |  9.1

Action                   |  1- 3 |  4- 6 |  7- 9 | 10-12 | 13-15 || total
-------------------------+-------+-------+-------+-------+-------++-------
Melee: Club              |     3 |       |       |       |       ||     3
       Spear             |     9 |     6 |       |    48 |       ||    63
       Dire flail        |       |       |    25 |       |       ||    25
       Great sword       |       |       |     2 |     3 |       ||     5
       Staff             |       |       |       |     5 |     2 ||     7
       Falchion          |       |       |       |     3 |    35 ||    38
Throw: Stone             |     1 |     3 |     1 |       |       ||     5
       Javelin           |       |       |       |       |     1 ||     1
 Cast: Flame Tongue      |    66 |   118 |   211 |   407 |    20 ||   822
       Conjure Flame     |       |     2 |     9 |    30 |    10 ||    51
       Sticky Flame      |       |     1 |     6 |    38 |    26 ||    71
       Iskenderun's Myst |       |       |       |    22 |    29 ||    51
       Fireball          |       |       |       |   110 |   115 ||   225
       Blink             |       |       |       |     1 |     2 ||     3
Invok: Divine Energy     |       |       |       |     1 |       ||     1
 Abil: Evoke Invisibilit |       |       |       |     1 |     2 ||     3
Evoke: Staff of energy   |       |       |       |     2 |       ||     2
       Wand              |       |       |       |       |     2 ||     2
  Use: Potion            |       |     1 |       |       |     2 ||     3
       Scroll            |       |     4 |     4 |     6 |    19 ||    33
 Stab: Sleeping          |       |       |     1 |       |       ||     1
       Distracted        |       |       |       |       |     1 ||     1
  Eat: Chunk             |     1 |     8 |    12 |    17 |     9 ||    47
       Ration            |       |       |       |     6 |     4 ||    10
Armor: Robe              |     9 |    12 |     4 |       |       ||    25
       Ring mail         |       |       |    43 |    97 |    49 ||   189
Dodge: Dodged            |    39 |    32 |    73 |   152 |    49 ||   345
Block: Shield            |       |       |       |       |    24 ||    24
       Buckler           |       |       |       |       |     3 ||     3
       Rpst.: Great sword |       |       |     5 |     4 |       ||     9
       Falchion          |       |       |       |     1 |    12 ||    13
